[Event "Team 45 45 League T91"]
[Site "Internet Chess Club"]
[Date "2022.01.26"]
[Round "3"]
[White "Kingofknights"]
[Black "ChessG2011"]
[Result "1-0"]
[WhiteElo "1563"]
[BlackElo "1470"]
[Opening "Neo-Grünfeld defense"]
[ECO "D70"]
[Time "18:00:22"]
[PlyCount "69"]
[TimeControl "2700+45"]

1. d4 Nf6 2. c4 g6 3. f3 d5 4. cxd5 Nxd5 5. e4 Nf6 6. Nc3 Bg7 7. Be3 O-O 8. Qd2
c6 9. Nge2 Nbd7 10. Rd1 Nb6 11. Nc1 Qc7 12. Bf4 Qd8 13. Be2 Nh5 14. Bh6 Bxh6 15.
Qxh6 Nf6 16. b3 Qc7 17. Nd3 Rd8 18. Qe3 Qd7 19. Ne5 Qc7 20. Nc4 Nxc4 21. Bxc4 b6
22. O-O Bb7 23. Rc1 Qd7 24. Rfd1 Qc7 25. b4 Rd7 26. e5 Nh5 27. e6 Rd6 28. exf7+
Kf8 29. Qh6+ Ng7 30. Qxh7 e6 31. Qg8+ Ke7 32. Qxg7 Rf8 33. Ne4 Rdd8 34. Qf6+ Kd7
35. Qxe6# {Black checkmated} 1-0

[Event "Team 45 45 League T91"]
[Site "Internet Chess Club"]
[Date "2022.01.29"]
[Round "3"]
[White "smsxman"]
[Black "kingphisch"]
[Result "1/2-1/2"]
[WhiteElo "1424"]
[BlackElo "1295"]
[Opening "Caro-Kann defense"]
[ECO "B10"]
[Time "13:00:56"]
[PlyCount "189"]
[TimeControl "2700+45"]

1. e4 c6 2. Nf3 d5 3. exd5 cxd5 4. d4 Nc6 5. g3 Nf6 6. Bg5 h6 7. Bxf6 exf6 8.
Bg2 Bd6 9. Nc3 Be6 10. O-O O-O 11. a3 Qb6 12. b4 Qd8 13. Nh4 Bc7 14. Ne2 Rc8 15.
c3 Ne7 16. Nf3 Qd7 17. Re1 Rfe8 18. a4 b6 19. a5 Nc6 20. Qa4 Nb8 21. a6 Qxa4 22.
Rxa4 Nc6 23. b5 Na5 24. Nd2 Red8 25. Raa1 Bd6 26. f4 Be7 27. Bf3 Nc4 28. Nxc4
Rxc4 29. Kf2 f5 30. Rec1 Rdc8 31. Rc2 Bb4 32. Ra4 Ba5 33. Rxc4 Rxc4 34. Ke3 Kf8
35. Kd3 Ke7 36. h3 h5 37. Bxh5 g6 38. Bf3 Kd6 39. h4 Bd7 40. Rb2 Be6 41. h5 gxh5
42. Bxh5 Ke7 43. Bf3 Kd6 44. Ng1 Bxc3 45. Rc2 Ba5 46. Rxc4 dxc4+ 47. Kc2 Bd5 48.
Be2 Be4+ 49. Kc1 c3 50. Nf3 Bb4 51. Ne1 Ba3+ 52. Kd1 Kd5 53. Bd3 Bxd3 54. Nxd3
Kxd4 55. Kc2 Bd6 56. Nc1 Bb4 57. Nb3+ Ke3 58. Nc1 Kd4 59. Nd3 Bd6 60. Nf2 Bb4
61. Nd3 Bd6 62. Nf2 Bb4 63. Nh3 f6 64. Ng1 Ke3 65. Kd1 Kf2 66. Ne2 c2+ 67. Kxc2
Kxe2 68. Kb3 Bc5 69. Kc4 Kf3 70. Kd5 Kxg3 71. Kc6 Kxf4 72. Kb7 Ke4 73. Kxa7 f4
74. Kb7 f3 75. a7 f2 76. a8=Q f1=Q 77. Qa4+ Kd5 78. Qb3+ Qc4 79. Qf3+ Qe4 80.
Qh5+ Qe5 81. Qh1+ Qe4 82. Qh5+ Qe5 83. Qh1+ Qe4 84. Qh5+ Qe5 85. Qh1+ Qe4 86.
Qh5+ Kd6+ 87. Kb8 Kd7 88. Qf7+ Qe7 89. Qh5 Qd8+ 90. Kb7 Qc8+ 91. Ka7 Qc7+ 92.
Ka8 Qc8+ 93. Ka7 Qc7+ 94. Ka8 Qc8+ 95. Ka7 {Game drawn by repetition} 1/2-1/2

[Event "Team 45 45 League T91"]
[Site "Internet Chess Club"]
[Date "2022.01.30"]
[Round "3"]
[White "ghowell"]
[Black "Gojira"]
[Result "1-0"]
[WhiteElo "1489"]
[BlackElo "1555"]
[Opening "Sicilian: accelerated fianchetto, Maróczy bind"]
[ECO "B36"]
[Time "16:01:25"]
[PlyCount "109"]
[TimeControl "2700+45"]

1. e4 c5 2. Nf3 g6 3. c4 Nc6 4. d4 cxd4 5. Nxd4 Nf6 6. Nc3 d6 7. Be2 Nxd4 8.
Qxd4 Bg7 9. O-O O-O 10. Bg5 Be6 11. Nd5 Nxd5 12. Qd2 Nb6 13. Rac1 Nd7 14. b3 f6
15. Be3 f5 16. exf5 Rxf5 17. Bg4 Rf6 18. Bxe6+ Rxe6 19. Qd5 Kf7 20. Qxb7 Nc5 21.
Qd5 Qc8 22. Bxc5 dxc5 23. Rfe1 Bd4 24. Rxe6 Qxe6 25. Qxa8 Qa6 26. Qd5+ Kg7 27.
Rc2 Qa5 28. Qe4 Qd8 29. Re2 e5 30. Qb7+ Kh6 31. g4 Qg5 32. h3 Qc1+ 33. Kg2 Qd1
34. Qf3 Qc1 35. h4 Kg7 36. g5 a5 37. Qf6+ Kg8 38. Qd8+ Kg7 39. Qxa5 Qf4 40. Qa7+
Kg8 41. Qa8+ Kg7 42. Qe4 Qf7 43. a4 Qa7 44. Ra2 Qb6 45. Qc2 Qc6+ 46. f3 Qb7 47.
a5 Qf7 48. a6 Qf4 49. Qe4 Qc1 50. Qe2 Qg1+ 51. Kh3 Qh1+ 52. Kg4 h5+ 53. gxh6+
Kxh6 54. a7 Qc1 55. Qd2+ {Black resigns} 1-0

[Event "Team 45 45 League T91"]
[Site "Internet Chess Club"]
[Date "2022.02.01"]
[Round "3"]
[White "AlWynJones"]
[Black "keithuws"]
[Result "1-0"]
[WhiteElo "1318"]
[BlackElo "1155"]
[Opening "English: four knights, kingside fianchetto"]
[ECO "A29"]
[Time "17:00:27"]
[PlyCount "71"]
[TimeControl "2700+45"]

1. c4 e5 2. Nc3 Nf6 3. Nf3 Nc6 4. g3 Be7 5. Bg2 O-O 6. e4 d6 7. O-O Nd4 8. Nd5
Nxe4 9. Nxd4 Nf6 10. Nxe7+ Qxe7 11. Nc2 e4 12. d3 Bg4 13. f3 exf3 14. Bxf3 Bxf3
15. Qxf3 b6 16. Bg5 Qe5 17. Bxf6 Qxf6 18. Qxa8 Rxa8 19. Rxf6 gxf6 20. Re1 Kf8
21. Kf2 Re8 22. Rxe8+ Kxe8 23. Kf3 Ke7 24. Kf4 Ke6 25. Nd4+ Kd7 26. Kf5 Ke7 27.
Nc6+ Kd7 28. Nxa7 c6 29. Kxf6 Kc7 30. Nxc6 Kxc6 31. Kxf7 h5 32. d4 b5 33. cxb5+
Kxb5 34. d5 Kc4 35. Ke6 Kc5 36. a3 {Black resigns} 1-0

[Event "Team 45 45 League T91"]
[Site "Internet Chess Club"]
[Date "2022.01.30"]
[Round "3"]
[White "natalieH"]
[Black "jcule"]
[Result "1-0"]
[WhiteElo "1089"]
[BlackElo "1348"]
[Opening "Bird's opening"]
[ECO "A02"]
[Time "14:59:35"]
[PlyCount "93"]
[TimeControl "2700+45"]

1. f4 g6 2. Nf3 Bg7 3. d4 d5 4. Nc3 Nf6 5. e3 O-O 6. Be2 b6 7. O-O Bb7 8. Bd2 c5
9. a4 Nbd7 10. Ne5 e6 11. b3 Nxe5 12. fxe5 Ne4 13. Bd3 Bh6 14. Qe2 Nxd2 15. Qxd2
cxd4 16. Nd1 Qg5 17. Re1 Qxe5 18. Rb1 dxe3 19. Nxe3 d4 20. Ng4 Bxd2 21. Rxe5 Bf4
22. Re2 Kg7 23. Rf1 Bd6 24. Ref2 Rad8 25. Bc4 Bc5 26. Bd3 f5 27. Ne5 Bd6 28. Nc4
Bc5 29. Re2 Rfe8 30. Rfe1 Kf6 31. Re5 Rd5 32. R5e2 Rdd8 33. a5 Ba6 34. axb6 axb6
35. Ne5 Bxd3 36. cxd3 Ra8 37. Nd7+ Kf7 38. Rb2 Ke7 39. Ne5 Kd6 40. b4 Ra3 41.
Nc4+ Kd5 42. Re5+ Kc6 43. Nxa3 Bd6 44. Ree2 Ra8 45. Rbc2+ Kd5 46. Nc4 Bxb4 47.
Nxb6+ {Black resigns} 1-0

[Event "Team 45 45 League T91"]
[Site "Internet Chess Club"]
[Date "2022.01.30"]
[Round "3"]
[White "ElValero"]
[Black "Zugzwanged"]
[Result "0-1"]
[WhiteElo "1653"]
[BlackElo "1691"]
[Opening "Queen's Indian: old main line, 7.Nc3"]
[ECO "E18"]
[Time "12:01:33"]
[PlyCount "58"]
[TimeControl "2700+45"]

1. Nf3 Nf6 2. c4 b6 3. g3 Bb7 4. Bg2 e6 5. O-O Be7 6. d4 O-O 7. Nc3 Ne4 8. Qc2
Nxc3 9. bxc3 Nc6 10. Rd1 Na5 11. Qd3 Ba6 12. Ng5 Bxg5 13. Bxa8 Bxc4 14. Bxg5
Qxg5 15. f4 Qd8 16. Qf3 Qxa8 17. e4 f5 18. Re1 fxe4 19. Qxe4 Bd5 20. Qc2 Nc4 21.
a4 Qe8 22. Qe2 Qg6 23. Rab1 Rxf4 24. Rb4 Re4 25. Qf2 Rxe1+ 26. Qxe1 Qc2 27. Qf1
Ne3 28. Qh3 Ng4 29. Kf1 Qd1# {White checkmated} 0-1

[Event "Team 45 45 League T91"]
[Site "Internet Chess Club"]
[Date "2022.01.30"]
[Round "3"]
[White "Electryon"]
[Black "VictorRed"]
[Result "1/2-1/2"]
[WhiteElo "1486"]
[BlackElo "1636"]
[Opening "English: Caro-Kann defensive system"]
[ECO "A11"]
[Time "20:05:08"]
[PlyCount "58"]
[TimeControl "2700+45"]

1. c4 c6 2. Nc3 Nf6 3. g3 d5 4. cxd5 cxd5 5. d4 e6 6. Bg2 Nc6 7. Nf3 Be7 8. O-O
O-O 9. a3 Ne4 10. e3 f5 11. Ne2 b6 12. b4 Ba6 13. Re1 Bc4 14. Nf4 Qd7 15. Bb2 a5
16. bxa5 Rxa5 17. Bf1 Bxf1 18. Kxf1 Rfa8 19. Qd3 g5 20. Ne2 h6 21. Nd2 Nxd2+ 22.
Qxd2 Bxa3 23. Rxa3 Rxa3 24. Bxa3 Rxa3 25. Qb2 Ra6 26. Qb5 Nb8 27. Nc3 Qxb5+ 28.
Nxb5 Kf7 29. Rc1 Nd7 {Game drawn by mutual agreement} 1/2-1/2

[Event "Team 45 45 League T91"]
[Site "Internet Chess Club"]
[Date "2022.01.27"]
[Round "3"]
[White "kabindra"]
[Black "tryanything"]
[Result "0-1"]
[WhiteElo "1693"]
[BlackElo "1451"]
[Opening "Caro-Kann: advance variation"]
[ECO "B12"]
[Time "17:30:45"]
[PlyCount "76"]
[TimeControl "2700+45"]

1. e4 c6 2. d4 d5 3. e5 c5 4. c3 cxd4 5. cxd4 Nc6 6. Nf3 Bg4 7. Be2 e6 8. Nc3 g6
9. O-O a6 10. a3 Nge7 11. Bg5 Bg7 12. b4 O-O 13. b5 axb5 14. Nxb5 Bxf3 15. Bxf3
Qd7 16. Qd2 Nf5 17. a4 Ra6 18. Bg4 Rfa8 19. Bxf5 exf5 20. Nc3 b5 21. Nxb5 Rxa4
22. Rxa4 Rxa4 23. Rb1 Qb7 24. Be3 f4 25. Bxf4 Rxd4 26. Qe3 Bxe5 27. Bxe5 Qxb5
28. Qe1 Rb4 29. Rc1 Re4 30. Qc3 Rxe5 31. f4 Qb6+ 32. Kf1 Re6 33. Ra1 d4 34. Ra8+
Kg7 35. Qc2 Qb5+ 36. Kf2 Nb4 37. Qc8 Qe2+ 38. Kg3 Re3+ {White resigns} 0-1

[Event "Team 45 45 League T91"]
[Site "Internet Chess Club"]
[Date "2022.01.30"]
[Round "3"]
[White "clarinetref"]
[Black "WzeroMN"]
[Result "1-0"]
[WhiteElo "1459"]
[BlackElo "1052"]
[Opening "Center game: Paulsen attack"]
[ECO "C22"]
[Time "15:00:54"]
[PlyCount "29"]
[TimeControl "2700+45"]

1. e4 e5 2. d4 exd4 3. Qxd4 Nc6 4. Qe3 d6 5. Nc3 Bd7 6. Bd2 Qe7 7. Nd5 Qd8 8.
O-O-O Nf6 9. Bc3 Nxd5 10. exd5+ Ne7 11. Bc4 c5 12. dxc6 Bxc6 13. Nf3 Qd7 14. Ne5
Qf5 15. Bxf7+ {Black resigns} 1-0

[Event "Team 45 45 League T91"]
[Site "Internet Chess Club"]
[Date "2022.01.28"]
[Round "3"]
[White "manfredo"]
[Black "primerpaso"]
[Result "0-1"]
[WhiteElo "1487"]
[BlackElo "1874"]
[Opening "Sicilian: Grand Prix attack"]
[ECO "B23"]
[Time "16:01:27"]
[PlyCount "50"]
[TimeControl "2700+45"]

1. e4 c5 2. Nc3 Nc6 3. f4 g6 4. Nf3 Bg7 5. Bb5 Nd4 6. O-O e6 7. e5 a6 8. Bd3 d6
9. Nxd4 cxd4 10. Ne4 dxe5 11. fxe5 Bxe5 12. Qf3 f5 13. Nc5 Qc7 14. b4 Bd6 15.
Nxe6 Bxe6 16. Re1 Kf7 17. g4 Nh6 18. gxf5 Nxf5 19. Rf1 Kg7 20. Bb2 Bxh2+ 21. Kh1
Rad8 22. Bxf5 Bxf5 23. Rf2 Rhe8 24. d3 Be5 25. Rg1 Be6 {White resigns} 0-1

[Event "Team 45 45 League T91"]
[Site "Internet Chess Club"]
[Date "2022.01.29"]
[Round "3"]
[White "fvafier"]
[Black "jjmolina1"]
[Result "1/2-1/2"]
[WhiteElo "1506"]
[BlackElo "1411"]
[Opening "Réti opening"]
[ECO "A05"]
[Time "10:00:16"]
[PlyCount "182"]
[TimeControl "2700+45"]

1. Nf3 Nf6 2. g3 e6 3. Bg2 Be7 4. O-O O-O 5. d3 d5 6. Nbd2 c6 7. Qe1 c5 8. e4
Nc6 9. Nh4 Nd4 10. Qd1 Nc6 11. f4 Qb6 12. Kh1 Nd4 13. c3 Nc6 14. e5 Ne8 15. Nhf3
f5 16. exf6 gxf6 17. Re1 Ng7 18. Nf1 d4 19. h3 Rd8 20. Qe2 Qa6 21. c4 Re8 22.
N1h2 Nf5 23. Qf2 Nd8 24. g4 Ng7 25. g5 fxg5 26. fxg5 Rf8 27. Qh4 Nf5 28. Qg4 Rf7
29. Ne5 Rg7 30. h4 Bd6 31. Nhf3 Qa5 32. Bf4 Qc7 33. h5 Ne3 34. Bxe3 Bxe5 35. Bd2
Bg3 36. Re2 Bd6 37. Qe4 Nf7 38. Bh3 e5 39. Bf5 Bxf5 40. Qxf5 Qc8 41. Qxc8+ Rxc8
42. Re4 Rf8 43. Rg1 Re8 44. h6 Rg6 45. Nh4 Rge6 46. Nf5 Bf8 47. Ng3 Rg6 48. Nh5
Be7 49. Nf6+ Bxf6 50. gxf6 Re6 51. Rxg6+ hxg6 52. h7+ Kxh7 53. Rh4+ Kg8 54. Rg4
Rxf6 55. Kg2 Kg7 56. Rg3 Rb6 57. Bc1 Ra6 58. a3 Re6 59. Kf3 Rf6+ 60. Ke2 Nd6 61.
Rg5 Rf5 62. Rg4 Rh5 63. b4 b6 64. bxc5 bxc5 65. Rg1 Rh2+ 66. Kd1 Rf2 67. Re1 Kf6
68. Bd2 Nf5 69. Re4 Rf1+ 70. Kc2 Ra1 71. Bc1 Ng3 72. Re1 Ra2+ 73. Bb2 Kf5 74.
Kb1 Rxb2+ 75. Kxb2 e4 76. dxe4+ Nxe4 77. Rf1+ Ke5 78. Rf7 g5 79. Rxa7 g4 80. Rg7
g3 81. a4 Kf6 82. Rg4 Kf5 83. Rg8 Kf4 84. a5 Nd2 85. a6 Nxc4+ 86. Kc1 Nb6 87. a7
Kf3 88. Kd1 g2 89. Rf8+ Ke3 90. Re8+ Kf2 91. Rf8+ Ke3 {Game drawn by mutual
agreement} 1/2-1/2

[Event "Team 45 45 League T91"]
[Site "Internet Chess Club"]
[Date "2022.01.29"]
[Round "3"]
[White "howah45"]
[Black "Denis240964"]
[Result "0-1"]
[WhiteElo "1188"]
[BlackElo "1404"]
[Opening "Ruy Lopez: Wormald (Alapin) attack"]
[ECO "C77"]
[Time "14:00:39"]
[PlyCount "52"]
[TimeControl "2700+45"]

1. e4 e5 2. Nf3 Nc6 3. Bb5 a6 4. Ba4 Nf6 5. Qe2 b5 6. Bb3 Be7 7. c3 d6 8. d3 Na5
9. Bc2 c5 10. Nbd2 Bg4 11. Nf1 Qc7 12. h3 Bh5 13. Ng3 Bg6 14. Nh4 c4 15. Nhf5
O-O 16. h4 h6 17. Bxh6 gxh6 18. Nxh6+ Kg7 19. Nhf5+ Bxf5 20. Nxf5+ Kh8 21. Qd2
Nh7 22. Qh6 Rg8 23. Rh3 Rg6 24. Qh5 Rag8 25. Nh6 Nf6 26. Nxf7+ Kg7 {White
resigns} 0-1

[Event "Team 45 45 League T91"]
[Site "Internet Chess Club"]
[Date "2022.01.31"]
[Round "3"]
[White "cadmiumorange"]
[Black "jaboti"]
[Result "1/2-1/2"]
[WhiteElo "1858"]
[BlackElo "1770"]
[Opening "French: Rubinstein variation"]
[ECO "C10"]
[Time "14:00:25"]
[PlyCount "31"]
[TimeControl "2700+45"]

1. d4 d5 2. Nc3 e6 3. e4 dxe4 4. Nxe4 Nd7 5. Nf3 Ngf6 6. Bd3 c5 7. Qe2 cxd4 8.
O-O Be7 9. Nxd4 Nxe4 10. Bxe4 Nc5 11. Rd1 Nxe4 12. Qxe4 O-O 13. Bf4 Qb6 14. a4
Bd7 15. a5 Qa6 16. Rd3 {Game drawn by mutual agreement} 1/2-1/2

[Event "Team 45 45 League T91"]
[Site "Internet Chess Club"]
[Date "2022.01.29"]
[Round "3"]
[White "Packerfan"]
[Black "hipopotamos"]
[Result "1-0"]
[WhiteElo "1763"]
[BlackElo "1749"]
[Opening "English: symmetrical variation"]
[ECO "A36"]
[Time "15:00:26"]
[PlyCount "133"]
[TimeControl "2700+45"]

1. c4 c5 2. Nc3 Nc6 3. g3 Nf6 4. Bg2 e6 5. e4 Be7 6. Nge2 Ne5 7. d3 O-O 8. O-O
b6 9. f4 Nc6 10. e5 Ne8 11. Ne4 d5 12. exd6 Bxd6 13. Nxd6 Qxd6 14. b3 Bb7 15.
Bb2 Rd8 16. Nc3 Nb4 17. Bxb7 Nxd3 18. Qe2 Qd4+ 19. Kh1 Nd6 20. Bg2 Nf5 21. Na4
Qe3 22. Qxe3 Nxe3 23. Rf3 Nd1 24. Rxd1 Nf2+ 25. Rxf2 Rxd1+ 26. Bf1 Rfd8 27. Bc3
Rc1 28. Kg2 f6 29. Bd2 Rd1 30. Be3 Kf7 31. Nc3 R1d7 32. Ne4 h6 33. Rd2 Ke7 34.
Rxd7+ Rxd7 35. Be2 g6 36. Kf2 Kf7 37. Bf3 Kg7 38. Ke2 Kf7 39. Bd2 f5 40. Nf2 Kg7
41. Nd3 a5 42. Bc3+ Kh7 43. Ne5 Rd8 44. Bc6 g5 45. fxg5 hxg5 46. Bd7 f4 47. gxf4
gxf4 48. Bxe6 Re8 49. Bf5+ Kh6 50. Kf3 Kg5 51. Bg4 Re7 52. h4+ Kh6 53. Kxf4 Re8
54. Bf5 Rf8 55. Ng6 Rd8 56. Kg4 Rd1 57. Ne7 Rg1+ 58. Kf4 Rf1+ 59. Ke5 Rf2 60. a4
Re2+ 61. Kf6 Kh5 62. Ng6 Re3 63. Nf4+ Kh6 64. Bd2 Rxb3 65. Ne6+ Kh5 66. Bg5 Rf3
67. Ng7# {Black checkmated} 1-0

[Event "Team 45 45 League T91"]
[Site "Internet Chess Club"]
[Date "2022.02.01"]
[Round "3"]
[White "walkover"]
[Black "ivanson"]
[Result "1/2-1/2"]
[WhiteElo "1699"]
[BlackElo "1592"]
[Opening "King's Indian: East Indian defense"]
[ECO "A48"]
[Time "14:01:54"]
[PlyCount "75"]
[TimeControl "2700+45"]

1. d4 Nf6 2. Nf3 g6 3. Nbd2 Bg7 4. e4 d6 5. Bb5+ Bd7 6. a4 O-O 7. O-O Qe8 8.
Bxd7 Nbxd7 9. e5 dxe5 10. dxe5 Ng4 11. e6 fxe6 12. Ng5 Nxf2 13. Rxf2 Bd4 14.
Ndf3 Bxf2+ 15. Kxf2 Rf6 16. Kg1 Rd8 17. Qe1 Nf8 18. b3 Qc6 19. Bb2 Rf5 20. Qe2
Qc5+ 21. Qf2 Rxg5 22. Nxg5 Qxg5 23. Rf1 e5 24. Qf7+ Kh8 25. Re1 Nd7 26. Rd1 Qe3+
27. Kh1 Rf8 28. Qe6 Qe2 29. Rg1 Rf1 30. h3 Rxg1+ 31. Kxg1 Qe3+ 32. Kh1 Qe1+ 33.
Kh2 Qd2 34. Bxe5+ Nxe5 35. Qxe5+ Kg8 36. Qe6+ Kf8 37. Qc8+ Kf7 38. Qxc7 {Game
drawn by mutual agreement} 1/2-1/2

[Event "Team 45 45 League T91"]
[Site "Internet Chess Club"]
[Date "2022.01.29"]
[Round "3"]
[White "RD1974"]
[Black "Timmah4651"]
[Result "0-1"]
[WhiteElo "1556"]
[BlackElo "1627"]
[Opening "QGD Slav: 3.Nf3"]
[ECO "D11"]
[Time "09:01:50"]
[PlyCount "102"]
[TimeControl "2700+45"]

1. d4 d5 2. c4 c6 3. Nf3 Nf6 4. g3 Bf5 5. Bg2 e6 6. O-O Nbd7 7. cxd5 cxd5 8. Bf4
Be7 9. Nc3 Qb6 10. Na4 Qb5 11. Rc1 O-O 12. Ne5 Rac8 13. Nxd7 Nxd7 14. a3 Rc6 15.
b4 Rfc8 16. Nc5 Nxc5 17. dxc5 b6 18. e4 Bxe4 19. Bxe4 dxe4 20. Qd7 Bf8 21. Rfd1
bxc5 22. bxc5 h6 23. Qxa7 Bxc5 24. Qd7 Bxf2+ 25. Kg2 Bc5 26. Kh3 Bxa3 27. Rxc6
Qxc6 28. Qd2 Be7 29. Qb2 Qc2 30. Qd4 Rd8 31. Rc1 Qxc1 32. Qxd8+ Bxd8 33. Bxc1
Bb6 34. Kg4 e5 35. Bb2 Bd4 36. Bc1 h5+ 37. Kf5 e3 38. h3 e2 39. Bd2 Bf2 40. g4
hxg4 41. hxg4 e1=Q 42. Bxe1 Bxe1 43. Kxe5 Bd2 44. Kf5 Kf8 45. Ke5 Ke7 46. Kf5
g6+ 47. Ke5 f6+ 48. Kd5 Kd7 49. Ke4 Ke6 50. Kd4 f5 51. gxf5+ Kxf5 {White
resigns} 0-1

[Event "Team 45 45 League T91"]
[Site "Internet Chess Club"]
[Date "2022.01.28"]
[Round "3"]
[White "Goli"]
[Black "room-matt"]
[Result "1/2-1/2"]
[WhiteElo "1756"]
[BlackElo "1817"]
[Opening "Ruy Lopez: Schliemann defense"]
[ECO "C63"]
[Time "15:03:15"]
[PlyCount "95"]
[TimeControl "2700+45"]

1. e4 e5 2. Nf3 Nc6 3. Bb5 f5 4. Bxc6 dxc6 5. exf5 e4 6. Qe2 Qe7 7. Nd4 Qe5 8.
Ne6 Bxe6 9. fxe6 Bd6 10. Nc3 Nf6 11. b3 O-O-O 12. Bb2 Rhe8 13. O-O-O Rxe6 14. h3
Qf5 15. g4 Qf3 16. Qe3 Kb8 17. Ne2 Nd5 18. Qxf3 exf3 19. Nd4 Re7 20. Nxf3 Rf8
21. Nd4 Rxf2 22. Nf5 Ree2 23. Nxd6 cxd6 24. Bxg7 b5 25. Bh6 Kc7 26. Rdf1 Kd7 27.
Rxf2 Rxf2 28. c3 a5 29. a3 Rf6 30. Bg5 Rg6 31. Bh4 Nf4 32. Rf1 Nxh3 33. Rf7+ Ke6
34. Rxh7 Rxg4 35. Bd8 Nf2 36. Re7+ Kd5 37. Bxa5 Re4 38. Rxe4 Kxe4 39. Kc2 Nd3
40. Bc7 d5 41. Bd6 Ne1+ 42. Kd1 Nd3 43. Bg3 c5 44. Kc2 c4 45. bxc4 dxc4 46. Bh4
Kd5 47. Bg5 Ke4 48. Be3 {Game drawn by mutual agreement} 1/2-1/2

[Event "Team 45 45 League T91"]
[Site "Internet Chess Club"]
[Date "2022.01.29"]
[Round "3"]
[White "fhunfi"]
[Black "cityprosecutor"]
[Result "1-0"]
[WhiteElo "1662"]
[BlackElo "1697"]
[Opening "Pirc: Sveshnikov system"]
[ECO "B07"]
[Time "21:42:00"]
[PlyCount "97"]
[TimeControl "2700+45"]

1. e4 d6 2. d4 Nf6 3. Nc3 g6 4. g3 Bg7 5. Bg2 c6 6. a4 O-O 7. Nge2 Bg4 8. h3 Bd7
9. O-O Qc8 10. Kh2 e5 11. Be3 Re8 12. a5 Na6 13. Qd2 b5 14. axb6 axb6 15. dxe5
dxe5 16. Na4 Rb8 17. Nxb6 Rxb6 18. Bxb6 c5 19. Qa5 Nb4 20. Qxc5 Nxc2 21. Qxc8
Bxc8 22. Ra8 Nb4 23. Rc1 Bb7 24. Rxe8+ Nxe8 25. Rd1 Bf6 26. Nc3 Ng7 27. Nd5 Nxd5
28. exd5 e4 29. d6 Ne6 30. d7 Nd8 31. Bxd8 Bxd8 32. Rc1 Kf8 33. Bf1 Ke7 34. Bb5
Bd5 35. Kg1 Be6 36. g4 Bb6 37. Rd1 f5 38. gxf5 Bxf5 39. Kg2 Kd8 40. Rc1 Bc7 41.
Ra1 Ke7 42. Ra8 Bd8 43. Rc8 Bxd7 44. Bxd7 Kxd7 45. Rxd8+ Kxd8 46. Kg3 g5 47. Kg4
h6 48. Kh5 e3 49. fxe3 {Black resigns} 1-0

[Event "Team 45 45 League T91"]
[Site "Internet Chess Club"]
[Date "2022.01.28"]
[Round "3"]
[White "Egmont"]
[Black "MrAbendroth"]
[Result "0-1"]
[WhiteElo "1517"]
[BlackElo "1708"]
[Opening "Nimzo-Indian: Sämisch variation"]
[ECO "E25"]
[Time "03:11:40"]
[PlyCount "70"]
[TimeControl "2700+45"]

1. d4 Nf6 2. c4 e6 3. Nc3 Bb4 4. a3 Bxc3+ 5. bxc3 c5 6. f3 d5 7. cxd5 exd5 8. e3
O-O 9. Bd3 Re8 10. Ne2 Nc6 11. O-O b6 12. Ng3 Be6 13. Re1 Qd7 14. Qe2 h6 15.
dxc5 bxc5 16. Qf2 Rab8 17. Rb1 Rxb1 18. Bxb1 Qc7 19. Bb2 c4 20. e4 Rb8 21. exd5
Nxd5 22. Be4 Nce7 23. Rb1 Qa5 24. Ne2 Bf5 25. Qg3 Qb6+ 26. Kh1 Bxe4 27. fxe4 Nf6
28. Qf3 Qc6 29. Qf4 Qb7 30. Ng3 Ng6 31. Qf3 Re8 32. Qe2 Ne5 33. Nf5 Qxe4 34.
Qxe4 Nxe4 35. Re1 Nd3 {White resigns} 0-1

[Event "Team 45 45 League T91"]
[Site "Internet Chess Club"]
[Date "2022.01.30"]
[Round "3"]
[White "marioseixas1992"]
[Black "scostanzo212"]
[Result "1-0"]
[WhiteElo "1521"]
[BlackElo "1550"]
[Opening "Sicilian: Grand Prix attack"]
[ECO "B21"]
[Time "12:01:31"]
[PlyCount "77"]
[TimeControl "2700+45"]

1. e4 c5 2. f4 Nc6 3. Nf3 g6 4. Bc4 Bg7 5. O-O e6 6. a3 Nge7 7. Ba2 O-O 8. d3 d5
9. Qe2 b6 10. e5 Bb7 11. Nbd2 Nf5 12. Nb3 Qc7 13. g4 Nfe7 14. Bd2 d4 15. Rae1
Nd8 16. Nc1 Qc6 17. h4 Rc8 18. Qh2 Qxf3 19. Rxf3 Bxf3 20. Qg3 Ba8 21. Ne2 Ndc6
22. h5 Rcd8 23. hxg6 Nxg6 24. Kf2 Nce7 25. Ng1 Rfe8 26. Nf3 b5 27. Ng5 Nf8 28.
f5 h6 29. fxe6 fxe6 30. Bxe6+ Nxe6 31. Nxe6 Rc8 32. Nxg7 Kxg7 33. Qh4 Ng8 34. g5
Re6 35. gxh6+ Nxh6 36. Bxh6+ Rxh6 37. Rg1+ Kh7 38. Qe7+ Kh8 39. Qg7# {Black
checkmated} 1-0

[Event "Team 45 45 League T91"]
[Site "Internet Chess Club"]
[Date "2022.01.30"]
[Round "3"]
[White "oldsj"]
[Black "mongmong"]
[Result "1/2-1/2"]
[WhiteElo "1430"]
[BlackElo "1568"]
[Opening "French: advance, Paulsen attack"]
[ECO "C02"]
[Time "10:01:30"]
[PlyCount "49"]
[TimeControl "2700+45"]

1. e4 e6 2. d4 d5 3. e5 c5 4. c3 Nc6 5. Nf3 Qb6 6. Na3 cxd4 7. cxd4 Bb4+ 8. Bd2
Nge7 9. Nc2 Bxd2+ 10. Qxd2 Qxb2 11. Be2 h6 12. O-O Qb6 13. Rab1 Qd8 14. Bd3 Rb8
15. Ne3 Qa5 16. Qb2 Bd7 17. Nc2 O-O 18. Qc1 Qd8 19. Ne3 Ng6 20. Ng4 Nh4 21.
Nxh6+ gxh6 22. Qxh6 Nxf3+ 23. gxf3 f5 24. Qg6+ Kh8 25. Qh6+ {Game drawn by
mutual agreement} 1/2-1/2

[Event "Team 45 45 League T91"]
[Site "Internet Chess Club"]
[Date "2022.01.28"]
[Round "3"]
[White "BrerRabbit"]
[Black "Balderdash"]
[Result "1-0"]
[WhiteElo "1389"]
[BlackElo "1239"]
[Opening "Queen's pawn game"]
[ECO "D02"]
[Time "19:00:50"]
[PlyCount "143"]
[TimeControl "2700+45"]

1. d4 d5 2. Nf3 g6 3. g3 b6 4. Bg2 Bb7 5. O-O Nc6 6. c4 Nf6 7. cxd5 Nxd5 8. e4
Ndb4 9. a3 Na6 10. b4 b5 11. Bb2 Bg7 12. Qd3 e5 13. d5 O-O 14. Qxb5 Nd4 15. Nxd4
exd4 16. Qxb7 Nxb4 17. axb4 Rb8 18. Qc6 Rb6 19. Qc4 Qb8 20. Ra4 a5 21. Bxd4 Rxb4
22. Rxb4 axb4 23. Bxg7 Kxg7 24. Nd2 Qb6 25. Nb3 Ra8 26. Qd4+ Qxd4 27. Nxd4 Ra3
28. Rb1 Ra4 29. Bf3 h5 30. Nb3 Ra3 31. Bd1 Ra8 32. h4 Kf6 33. Kg2 Ke5 34. Kf3
Rc8 35. Rc1 f6 36. Ke3 f5 37. f3 fxe4 38. fxe4 Kd6 39. Rc4 Rf8 40. Be2 Rb8 41.
Rc6+ Kd7 42. Rxg6 Ra8 43. Rc6 Ra3 44. Bd1 Ra8 45. Rc4 Rg8 46. Kf2 Rf8+ 47. Kg2
Ra8 48. Rxb4 Ra2+ 49. Kf3 Kd6 50. Kf4 Rf2+ 51. Ke3 Rg2 52. Kf3 Rg1 53. Be2 Ke5
54. Rb7 Rb1 55. Na5 Ra1 56. Nc6+ Kd6 57. Rb3 Ra8 58. Kf4 Rf8+ 59. Kg5 Rg8+ 60.
Kxh5 Rh8+ 61. Kg6 Rg8+ 62. Kf7 Rh8 63. h5 Rh7+ 64. Kg6 Rd7 65. Rf3 Kc5 66. h6
Kb6 67. h7 Rd6+ 68. Rf6 Rd7 69. h8=Q Kc5 70. Bg4 Rd6 71. Rxd6 Kxd6 72. Qf8#
{Black checkmated} 1-0

[Event "Team 45 45 League T91"]
[Site "Internet Chess Club"]
[Date "2022.01.31"]
[Round "3"]
[White "WzeroMN"]
[Black "Ostap-Bender"]
[Result "0-1"]
[WhiteElo "1044"]
[BlackElo "1241"]
[Opening "Sicilian defense"]
[ECO "B40"]
[Time "14:06:36"]
[PlyCount "78"]
[TimeControl "2700+45"]

1. e4 c5 2. Nf3 e6 3. Be2 Nc6 4. d4 cxd4 5. Nxd4 Bc5 6. Nxc6 bxc6 7. Be3 Bxe3 8.
fxe3 Qh4+ 9. g3 Qxe4 10. Kd2 Qd5+ 11. Kc1 Qxd1+ 12. Bxd1 Nf6 13. Bf3 d5 14. Nc3
e5 15. b3 Bg4 16. Bxg4 Nxg4 17. e4 dxe4 18. Nxe4 Ke7 19. h3 Nf6 20. Nxf6 Kxf6
21. Kb2 Rhd8 22. Rad1 Ke6 23. Kc1 Rd5 24. Rxd5 cxd5 25. b4 Rb8 26. a3 f5 27. c3
Rc8 28. Kb2 d4 29. cxd4 exd4 30. Rc1 Rxc1 31. Kxc1 Kd5 32. b5 Kc5 33. a4 Kb4 34.
Kc2 Kxa4 35. Kd3 Kxb5 36. Kxd4 a5 37. Kc3 g5 38. Kb3 f4 39. gxf4 gxf4 {White
resigns} 0-1